 Dungeon Crawl Stone Soup version 0.14-a0-2374-ge879b5e (webtiles) character file.

697 Mitsuki the Magician (level 6, 0/47 HPs)
             Began as a Deep Elf Summoner on Feb 1, 2014.
             Was an Initiate of Vehumet.
             Slain by Pikel
             ... wielding a +2,+0 whip of freezing
              (4 damage)
             ... on Level 5 of the Dungeon.
             The game lasted 00:26:35 (4608 turns).

Mitsuki the Magician (Deep Elf Summoner)            Turns: 4608, Time: 00:26:35

HP   0/47        AC  2     Str  7      XL: 6   Next: 47%
MP  11/22        EV 13     Int 23      God: Vehumet [......]
Gold 315         SH  0     Dex 15      Spells:  3 memorised, 10 levels left

rFire  . . .     SeeInvis .     C - +7,+4 spear of Glory {elec, Contam Int+3}
rCold  . . .     Clarity  +     a - +0 elf robe
rNeg   . . .     Conserve .     (no shield)
rPois  .         rCorr    .     (no helmet)
rElec  .         rRot     .     (no cloak)
SustAb . .       Spirit   .     (no gloves)
rMut   .         Warding  .     (no boots)
Saprov . . .     Stasis   .     f - amulet of clarity
MR     .....                    (no ring)
                                F - ring of Vitality {Regen HP+15}

@: very slightly contaminated, not resistant to hostile enchantments, stealthy
A: no striking features
a: Renounce Religion


You were on level 5 of the Dungeon.
You worshipped Vehumet.
Vehumet was noncommittal.
You were not hungry.

You visited 1 branch of the dungeon, and saw 5 of its levels.

You collected 315 gold pieces.

Inventory:

Hand weapons
 C - the +7,+4 spear of Glory (weapon) {elec, Contam Int+3}
   (You found it on level 4 of the Dungeon)

   Occasionally, upon striking a foe, it will discharge some electrical energy
   and cause terrible harm.
   It affects your intelligence (+3).
   It causes magical contamination when unequipped.
Armour
 a - a +0 elven robe (worn)
Magical devices
 q - a wand of paralysis (10)
Comestibles
 c - 2 bread rations
 G - 2 chunks of iguana flesh
Scrolls
 d - 2 scrolls of enchant weapon II
 j - a scroll of enchant armour {unknown}
 l - a scroll of remove curse {unknown}
 m - 2 scrolls of teleportation
 n - a scroll of magic mapping
 t - a scroll of noise {unknown}
 u - a scroll of curse armour {unknown}
 w - a scroll of recharging {unknown}
 x - 4 scrolls of blinking {unknown}
 y - a scroll of random uselessness {unknown}
 D - a scroll of amnesia
Jewellery
 f - an amulet of clarity (around neck)
 o - an uncursed amulet of conservation {unknown}
 s - an uncursed ring of protection from cold
 v - a +5,+5 ring of slaying {unknown}
 F - the ring of Vitality (left hand) {Regen HP+15}
   (You found it on level 4 of the Dungeon)

   [ring of regeneration]

   It affects your health (+15).
Potions
 g - 6 potions of curing {unknown}
 h - a potion of confusion {unknown}
 i - a potion of cure mutation {unknown}
 k - a potion of restore abilities {unknown}
 p - a potion of brilliance {unknown}
 r - 2 potions of flight {unknown}
 z - 2 potions of paralysis {unknown}
 A - 2 potions of mutation {unknown}
 B - a potion of agility {unknown}
 E - a potion of heal wounds {unknown}
Books
 b - a book of Callings

   Spells                             Type                      Level
   *Summon Small Mammal               Summoning                    1
   Call Imp                           Summoning                    2
   *Call Canine Familiar              Summoning                    3
   Summon Scorpions                   Summoning/Poison             4
   *Summon Ice Beast                  Ice/Summoning                4


   Skills:
 - Level 2.4 Dodging
 + Level 4.1 Stealth
 + Level 6.5 Spellcasting
 + Level 6.4 Summonings
 - Level 0.2 Ice Magic


You had 10 spell levels left.
You knew the following spells:

 Your Spells              Type           Power        Failure   Level  Hunger
a - Summon Small Mammal   Summ           ####         1%          1    None
b - Call Canine Familiar  Summ           #####.....   1%          3    #......
c - Summon Ice Beast      Ice/Summ       ###.......   24%         4    ###....


Dungeon Overview and Level Annotations

Branches:
Dungeon (5/16)             Temple (0/1) D:4

Altars:
Elyvilon
Vehumet
Yredelemnul

Annotations:
D:5 Pikel


Message History

Confirm with . or Enter, or press ? or * to list all spells.
A chill wind blows around you. Pikel barely misses you.
Your ice beast hits Pikel.
Your ice beast freezes Pikel.
You hit Pikel.
Pikel is almost dead.
Pikel hits you but does no damage.
Your ice beast misses Pikel.
The slave hits your ice beast.
You closely miss Pikel.
Pikel is almost dead.
Pikel hits you with a whip of freezing!
* * * LOW HITPOINT WARNING * * *
Pikel freezes you.
* * * LOW HITPOINT WARNING * * *
Your ice beast closely misses Pikel.
The slave hits your ice beast!
You hit Pikel but do no damage.
Pikel is almost dead.
Pikel hits you with a whip of freezing!
* * * LOW HITPOINT WARNING * * *
Pikel freezes you.
You die...

#........#.#.#
#..#####.#.#.#.##
#.....([........#
#.######.#.#.####
#..........#.#
#.######.###.#
#........# .#
#...####.# .# #...#
#@###.#
#...####K....#
#...[@.@I..###
#...####..##
######+#..### #..#
#............###..#
+.........%.......#
#.......I..$......#
.........@..###..#


You could see Pikel, a slave and a friendly ice beast.

Vanquished Creatures
  A giant frog zombie (D:3)
  An orc zombie (D:4)
  A ball python (D:4)
  A hobgoblin (D:5)
  A quokka (D:2)
  5 bats
  A giant newt (D:3)
  3 goblins
  A goblin zombie (D:4)
  A hobgoblin zombie (D:4)
  A jackal zombie (D:4)
  A kobold zombie (D:4)
  4 rats
22 creatures vanquished.

Vanquished Creatures (collateral kills)
  Edmund (D:4)
  A slave (D:5)
  The ghost of Bastard the Grave Robber, an average DsNe (D:4)
  A giant frog zombie (D:4)
  3 orc wizards (D:4)
  A scorpion (D:3)
  2 iguanas
  Ijyb (D:2)
  A hound zombie (D:4)
  A hound skeleton (D:4)
  6 adders
  A worker ant zombie (D:4)
  A worm zombie (D:4)
  2 giant mites (D:2)
  2 worms (D:4)
  An orc zombie (D:4)
  2 orc skeletons (D:4)
  6 giant geckos
  An ooze (D:2)
  4 orcs
  2 bat skeletons (D:4)
  6 giant cockroaches
  7 goblins
  6 hobgoblins
  A quokka (D:2)
  6 bats
  A giant cockroach zombie (D:4)
  A giant gecko zombie (D:4)
  2 giant newts
  A hobgoblin zombie (D:4)
  9 kobolds
  A kobold zombie (D:4)
  A quokka zombie (D:4)
  7 rats
  3 plants
93 creatures vanquished.

Vanquished Creatures (others)
  2 ice beasts (D:5)
  A hound (D:3)
  5 bats
  4 grey rats
  A hobgoblin (D:2)
  6 quokkas
  5 rats
24 creatures vanquished.

Grand Total: 139 creatures vanquished

Notes
Turn   | Place    | Note
--------------------------------------------------------------
     0 | D:1      | Mitsuki, the Deep Elf Summoner, began the quest for the Orb.
     0 | D:1      | Reached XP level 1. HP: 10/10 MP: 5/5
   797 | D:1      | Reached XP level 2. HP: 15/15 MP: 4/8
  1361 | D:2      | Noticed Ijyb
  1394 | D:2      | Killed Ijyb
  1394 | D:2      | Reached skill level 5 in Summonings
  1394 | D:2      | Reached XP level 3. HP: 5/19 MP: 4/11
  1619 | D:2      | Learned a level 3 spell: Call Canine Familiar
  1653 | D:2      | Found a white marble altar of Elyvilon.
  2329 | D:2      | Reached XP level 4. HP: 24/24 MP: 12/15
  2723 | D:3      | Found a basalt altar of Yredelemnul.
  3211 | D:3      | Found a radiant altar of Vehumet.
  3214 | D:3      | Became a worshipper of Vehumet
  3307 | D:3      | Reached skill level 5 in Spellcasting
  3389 | D:4      | Noticed Bastard's ghost (average DsNe)
  3435 | D:4      | Reached XP level 5. HP: 25/28 MP: 10/19
  3473 | D:4      | Learned a level 4 spell: Summon Ice Beast
  3481 | D:4      | Noticed Edmund
  3494 | D:4      | Killed Edmund
  3494 | D:4      | Reached skill level 6 in Summonings
  3780 | D:4      | Killed Bastard's ghost
  3780 | D:4      | Reached XP level 6. HP: 27/32 MP: 18/21
  4410 | D:4      | Got an ichor-stained spear
  4411 | D:4      | Identified the +7,+4 spear of Glory {elec, Contam Int+3} (You found it on level 4 of the Dungeon)
  4476 | D:4      | Found a staircase to the Ecumenical Temple.
  4514 | D:5      | Entered Level 5 of the Dungeon
  4581 | D:5      | Noticed Pikel
  4608 | D:5      | Slain by Pikel

Action                   |  1- 3 |  4- 6 || total
-------------------------+-------+-------++-------
Melee: Dagger            |    38 |   134 ||   172
       Unarmed           |     3 |       ||     3
       Spear             |       |    12 ||    12
 Cast: Summon Small Mamm |    43 |    10 ||    53
       Call Canine Famil |     6 |    10 ||    16
       Summon Ice Beast  |       |    18 ||    18
Evoke: Wand              |       |     1 ||     1
  Use: Scroll            |       |     9 ||     9
 Stab: Distracted        |     3 |       ||     3
       Sleeping          |     2 |     5 ||     7
